 Dungeon Crawl Stone Soup version 0.17-a0-119-g2b06fc5 (webtiles) character file.

6862 lennard the Cleaver (level 11, -4/71 HPs)
             Began as an Octopode Wanderer on Mar 21, 2015.
             Was a Believer of Makhleb.
             Slain by a troll (12 damage)
             ... on level 10 of the Dungeon.
             The game lasted 00:21:11 (7982 turns).

lennard the Cleaver (Octopode Wanderer)             Turns: 7982, Time: 00:21:11

Health: -4/71      AC:  3    Str: 10    XL:     11   Next: 6%
Magic:  13/13      EV: 21    Int: 16    God:    Makhleb [**....]
Gold:   519        SH:  0    Dex: 20    Spells: 0 memorised, 10 levels left

rFire  . . .     SeeInvis +     a - +2 war axe (venom)
rCold  + . .     Clarity  .     (no shield)
rNeg   . . .     SustAb   .     P - +2 hat
rPois  .         Gourm    .     g - amulet of regeneration
rElec  .         Spirit   .     q - +5 ring of dexterity
rCorr  .         Warding  .     x - ring of protection from magic
rMut   .         Stasis   .     y - ring of see invisible
MR     +....                    N - ring of protection from cold
Stlth  +++.......               (no ring)
                                (no ring)
                                (no ring)
                                (no ring)

@: somewhat resistant to hostile enchantments, fairly stealthy
A: almost no armour, amphibious, 8 rings, constrict 8, camouflage 1, gelatinous
body 1
a: Minor Destruction, Renounce Religion


You were on level 10 of the Dungeon.
You worshipped Makhleb.
Makhleb was pleased with you.
You were very hungry.

You visited 2 branches of the dungeon, and saw 11 of its levels.
You also visited: Ossuary.

You collected 519 gold pieces.

Inventory:

Hand weapons
 a - a +2 war axe of venom (weapon)
 b - a +0 hand crossbow
 U - the +9 spear "Teonkaco" {flame, rPois Stlth+}
   (You found it on level 9 of the Dungeon)

   It has been specially enchanted to burn those struck by it, causing extra
   injury to most foes and up to half again as much damage against particularly
   susceptible opponents.
   It protects you from poison.
   It makes you more stealthy.
Missiles
 e - 67 bolts
Armour
 P - a +2 hat (worn)
Magical staves
 M - an uncursed staff of poison {unknown}
Jewellery
 g - an amulet of regeneration (around mantle)
 p - a cursed amulet of clarity
 q - a +5 ring of dexterity (left tentacle)
 x - a ring of protection from magic (right tentacle)
 y - a ring of see invisible (on tentacle)
 N - a ring of protection from cold (on tentacle)
Magical devices
 l - a wand of polymorph (8)
 r - a wand of frost (27)
 u - a wand of random effects (25)
 z - a wand of draining (6)
 E - a wand of fire (7)
 G - a wand of draining (4)
 H - a wand of flame (14)
 L - a wand of enslavement (5)
Scrolls
 c - 6 scrolls of teleportation
 d - a scroll of fog {unknown}
 j - a scroll of remove curse
 k - 2 scrolls of noise {unknown}
 m - 2 scrolls of enchant armour {unknown}
 s - a scroll of amnesia {unknown}
 B - a scroll of recharging
 C - a scroll of vulnerability {unknown}
Potions
 n - 3 potions of flight
 w - 2 potions of might
 F - a potion of restore abilities
 I - 5 potions of heal wounds {unknown}
 J - a potion of berserk rage {unknown}
 K - a potion of cancellation
 O - a potion of agility
 Q - a potion of curing
 R - a potion of magic {unknown}
 S - a potion of cure mutation {unknown}
 T - a potion of invisibility {unknown}
 V - 2 potions of mutation {unknown}
Comestibles
 f - 6 bread rations
 h - 4 meat rations
 i - 5 fruits
 o - 3 royal jellies
 t - a slice of pizza
 A - 3 beef jerkies


   Skills:
 - Level 5.0 Fighting
 * Level 13.8 Axes
 - Level 2.0 Crossbows
 + Level 10.2 Dodging
   Level 1.0 Shields
 - Level 1.1 Evocations


You had 10 spell levels left.
You didn't know any spells.

Dungeon Overview and Level Annotations

Branches:
Dungeon (10/15)            Temple (1/1) D:5
   Lair: D:8-11         Orc: D:9-12

Altars:
Ashenzari
Cheibriados
Dithmenos
Elyvilon
Fedhas
Gozag
Kikubaaqudgha
Makhleb
Nemelex Xobeh
Okawaru
Qazlal
Ru
Sif Muna
Trog
Vehumet
Xom
Yredelemnul
Zin
The Shining One

Shops:
D:6 *   D:7 :

Annotations:
D:6 exclusion: statue
D:7 3 exclusions


Innate Abilities, Weirdness & Mutations

You cannot wear most types of armour.
You are amphibious.
You can wear up to eight rings at the same time.
You can use your tentacles to constrict many enemies at once.
Your skin changes colour to match your surroundings (Stealth).
Your rubbery body absorbs attacks (AC +1).


Message History

The yak is lightly wounded.
The yak misses you. The yak closely misses you.
You barely miss the yak. You squeeze the yak!
You kill the yak!
Makhleb accepts your kill.
You barely miss the troll. You hit the yak!
The yak is heavily wounded.
The yak misses you.
You slash the troll!!
The troll is poisoned.
The troll is severely wounded.
The troll bites you! The troll claws you.
* * * LOW HITPOINT WARNING * * *
The troll closely misses you.
You are too injured to fight recklessly!
You hit the troll but do no damage. Your squeeze misses the troll.
The troll is severely wounded.
The troll bites you but does no damage. The troll claws you!
* * * LOW HITPOINT WARNING * * *
The troll claws you!
You die...

#.### ####...###
........#
#......# #......#
#...#.###.
#.######<##.....#
#..........####
#.......@.....#
##.#####T#.##.#
#†Y..# # #...<.#
#....>...
##.....##.
#.....# # ..#....
.......##


You could see a yak and a troll.

Vanquished Creatures
  Gastronok (D:9)
  Psyche (D:9)
  Prince Ribbit (D:6)
  Eustachio (D:9)
  7 yaks
  A water moccasin (D:8)
  Edmund (D:7)
  A hippogriff (D:9)
  2 orc warriors (D:9)
  3 phantoms
  3 ogres
  An ice beast (D:7)
  A black bear (D:9)
  3 centaurs
  Sigmund (D:6)
  A big kobold (D:8)
  Duvessa (D:7)
  A necrophage (D:9)
  An elf zombie (Ossuary)
  2 giant frogs
  A scorpion (D:8)
  3 wights (D:9)
  2 crimson imps
  9 hounds
  Dowan (D:7)
  2 human zombies
  4 orc priests
  An iguana (D:9)
  6 worker ants
  16 orc wizards
  2 big kobold zombies (Ossuary)
  Ijyb (D:3)
  2 hound zombies (D:8)
  3 mummies
  A worker ant zombie (D:5)
  10 gnolls
  8 river rats (D:8)
  11 adders
  4 worms
  An adder zombie (Ossuary)
  2 adder skeletons
  5 giant geckos
  An ooze (D:2)
  36 orcs
  7 giant cockroaches
  A gnoll zombie (D:4)
  18 goblins
  17 hobgoblins
  8 jackals
  A quokka (D:3)
  3 ball pythons
  13 bats
  A giant gecko skeleton (D:7)
  A giant gecko zombie (D:8)
  5 giant newts
  A giant spore (D:6)
  A goblin zombie (Ossuary)
  11 hobgoblin zombies (Ossuary)
  A jackal skeleton (D:4)
  2 jackal zombies
  18 kobolds
  13 kobold zombies (Ossuary)
  6 orc zombies (Ossuary)
  2 quokka skeletons
  27 rats
  A ballistomycete (D:6)
324 creatures vanquished.

Notes
Turn   | Place    | Note
--------------------------------------------------------------
     0 | D:1      | lennard, the Octopode Wanderer, began the quest for the Orb.
     0 | D:1      | lennard set off with: a +2 hand axe, a +0 hand crossbow, a scroll of teleportation, 27 bolts, a bread ration
     0 | D:1      | Reached XP level 1. HP: 18/18 MP: 1/1
   104 | D:1      | Reached XP level 2. HP: 17/24 MP: 2/2
   649 | D:1      | Reached XP level 3. HP: 29/29 MP: 3/3
  1054 | D:2      | Reached skill level 1 in Dodging
  1074 | D:2      | Reached XP level 4. HP: 31/35 MP: 4/4
  1720 | D:2      | Reached XP level 5. HP: 33/39 MP: 5/5
  2665 | D:3      | Noticed Ijyb
  2669 | D:3      | Killed Ijyb
  2683 | D:3      | Reached skill level 10 in Axes
  2683 | D:3      | Reached XP level 6. HP: 45/45 MP: 7/7
  2698 | D:3      | Noticed an ogre
  2705 | D:3      | Killed an ogre
  2705 | D:3      | Reached XP level 7. HP: 50/50 MP: 8/8
  3192 | D:4      | Found a sand-covered staircase.
  3202 | Ossuary  | Entered an ossuary
  3259 | Ossuary  | Reached skill level 11 in Axes
  3305 | Ossuary  | Reached XP level 8. HP: 41/55 MP: 9/9
  3444 | D:4      | Found a shimmering altar of Xom.
  3691 | D:4      | Found an iron altar of Okawaru.
  3750 | D:4      | Found a basalt altar of Yredelemnul.
  4000 | D:5      | Entered Level 5 of the Dungeon
  4280 | D:5      | Found a staircase to the Ecumenical Temple.
  4295 | Temple   | Entered the Ecumenical Temple
  4529 | D:5      | Found an ancient bone altar of Kikubaaqudgha.
  4907 | D:6      | Found an iron altar of Okawaru.
  4959 | D:6      | Found Pseang's Elemental Accessories.
  4993 | D:6      | Found a radiant altar of Vehumet.
  5013 | D:6      | Found an opulent altar of Gozag.
  5088 | D:6      | Noticed Sigmund
  5109 | D:6      | Killed Sigmund
  5198 | D:6      | Noticed Prince Ribbit
  5209 | D:6      | Killed Prince Ribbit
  5209 | D:6      | Reached XP level 9. HP: 44/61 MP: 10/10
  5292 | D:6      | Found a bloodstained altar of Trog.
  5909 | D:7      | Reached skill level 12 in Axes
  6139 | D:7      | Found Cody's Book Emporium.
  6174 | D:7      | Noticed Dowan
  6177 | D:7      | Noticed Duvessa
  6177 | D:7      | Noticed Edmund
  6182 | D:7      | Killed Dowan
  6183 | D:7      | Killed Duvessa
  6206 | D:7      | Killed Edmund
  6556 | D:8      | Found a glowing silver altar of Zin.
  6615 | D:8      | Found a burning altar of Makhleb.
  6621 | D:8      | Became a worshipper of Makhleb the Destroyer
  6663 | D:8      | Reached XP level 10. HP: 57/66 MP: 11/11
  6833 | D:8      | Acquired Makhleb's first power
  7244 | D:9      | Got a scorched spear
  7245 | D:9      | Identified the +9 spear "Teonkaco" {flame, rPois Stlth+} (You found it on level 9 of the Dungeon)
  7422 | D:9      | Noticed Gastronok
  7465 | D:9      | Killed Gastronok
  7465 | D:9      | Reached skill level 13 in Axes
  7530 | D:9      | Noticed Eustachio
  7533 | D:9      | Acquired Makhleb's second power
  7543 | D:9      | Killed Eustachio
  7602 | D:9      | Noticed Psyche
  7608 | D:9      | Killed Psyche
  7608 | D:9      | Reached skill level 10 in Dodging
  7662 | D:9      | Reached XP level 11. HP: 71/71 MP: 13/13
  7962 | D:10     | Entered Level 10 of the Dungeon
  7982 | D:10     | Slain by a troll

Action                   |  1- 3 |  4- 6 |  7- 9 | 10-12 || total
-------------------------+-------+-------+-------+-------++-------
Melee: Hand axe          |    38 |    70 |       |       ||   108
       Whip              |       |     3 |       |       ||     3
       War axe           |       |     6 |   280 |   117 ||   403
       Spear             |       |       |       |    17 ||    17
 Fire: Hand crossbow     |    15 |     6 |     1 |     1 ||    23
Evoke: Wand              |       |       |     4 |       ||     4
  Use: Scroll            |       |     8 |     7 |     3 ||    18
       Potion            |       |     2 |     1 |       ||     3
 Stab: Sleeping          |     4 |     1 |    16 |     5 ||    26
       Distracted        |       |     1 |       |     1 ||     2
  Eat: Chunk             |       |     5 |    14 |     4 ||    23
